 Dungeon Crawl Stone Soup version 0.19.4 (webtiles) character file.

180 Jerry the Cudgeler (level 5, 0/57 HPs)
             Began as an Ogre Berserker on Jan 30, 2017.
             Was a Believer of Trog.
             Slain by an orc
             ... wielding a +0 war axe
              (4 damage)
             ... on level 3 of the Dungeon.
             The game lasted 00:04:09 (2024 turns).

Jerry the Cudgeler (Ogre Berserker)                 Turns: 2024, Time: 00:04:10

Health: 0/57       AC:  3    Str: 22    XL:     5   Next: 60%
Magic:  5/5        EV: 11    Int:  6    God:    Trog [**....]
Gold:   60         SH:  0    Dex: 10    Spells: 0 memorised, 4 levels left

rFire  . . .     SeeInvis .     a - +0 mace
rCold  . . .     Gourm    .     b - +0 animal skin
rNeg   . . .     Faith    .     (no shield)
rPois  .         Spirit   .     (helmet restricted)
rElec  .         Reflect  .     (no cloak)
rCorr  .         Harm     .     (gloves unavailable)
MR     ++...                    (boots unavailable)
Stlth  +.........               (no amulet)
                                (no ring)
                                (no ring)

@: exhausted, regenerating, slowed, very slow
A: unfitting armour, tough skin 1
a: Berserk, Trog's Hand, Burn Spellbooks, Renounce Religion


You were on level 3 of the Dungeon.
You worshipped Trog.
Trog was pleased with you.
You were near starving.

You visited 1 branch of the dungeon, and saw 3 of its levels.

You collected 60 gold pieces.

Inventory:

Hand Weapons
 a - a +0 mace (weapon)
Armour
 b - a +0 animal skin (worn)
Scrolls
 e - a scroll of fear {unknown}
 f - 2 scrolls of blinking {unknown}
 h - 2 scrolls of remove curse {unknown}
 j - a scroll of teleportation {unknown}
 o - 3 scrolls of identify {unknown}
 p - a scroll of magic mapping {unknown}
 q - a scroll of random uselessness {unknown}
Potions
 i - a potion of mutation {unknown}
 n - a potion of curing {unknown}
 r - a potion of invisibility {unknown}
Books
 m - a book of Misfortune

   Spells                             Type                      Level
   a - Confusing Touch                Hexes                        1
   b - Confuse                        Hexes                        3
   c - Gell's Gravitas                Hexes/Translocation          3
   d - Petrify                        Transmutation/Earth          4
   e - Metabolic Englaciation         Hexes/Ice                    5
   f - Yara's Violent Unravelling     Hexes/Transmutation          5
   Trog disapproves of the use of such an item.
Comestibles
 c - 5 bread rations
 d - 13 chunks of flesh
 g - 6 fruits
 k - a beef jerky
 l - a meat ration


   Skills:
 + Level 5.4 Fighting
 * Level 6.3 Maces & Flails
 + Level 3.5 Dodging


You had 4 spell levels left.
You didn't know any spells.

Dungeon Overview and Level Annotations

Branches:
Dungeon (3/15)

Altars:


Innate Abilities, Weirdness & Mutations

You are too large for most types of armour.
You have tough skin. (AC +1)


Message History

You feel yourself slow down. The bat closely misses you.
The orc hits you with a flail. The orc barely misses you.
The orc hits you with a hand axe. The orc hits you but does no damage.
The orc closely misses you.
Your skin crawls.
You feel resistant to hostile enchantments.
You are near starving!
The bat misses you. The orc hits you with a flail.
The orc closely misses you. x3
The orc barely misses you. The bat closely misses you.
The orc hits you with a war axe! The bat closely misses you.
The orc hits you but does no damage. The orc hits you with a whip.
* * * LOW HITPOINT WARNING * * *
The orc hits you with a flail!
* * * LOW HITPOINT WARNING * * *
You see here a tomahawk.
The bat closely misses you. x2; The orc hits you with a flail.
* * * LOW HITPOINT WARNING * * *
The orc hits you with a war axe.
You die...

.........%...##.......#
...........#..........#
......................#
...........!..........#
......................#
......).%.........###.####
......)(oo.............)..
........bo#......##).#.###
.......oo@#.........))..(#
.......###.......##.###...
.................##^..##.#
.......##.....##.####.....
#.#.###........#...####...
#.#. #.###..........##...
# #. ####............ .
#.##.#.##... #.
#..#...##...


You could see 5 orcs and a bat.

Vanquished Creatures
  An orc priest (D:3)
  An orc wizard (D:3)
  4 gnolls (D:3)
  An ooze (D:1)
  A worm (D:2)
  A dart slug (D:1)
  A leopard gecko (D:1)
  5 orcs (D:3)
  A ball python (D:1)
  A giant cockroach (D:2)
  7 goblins
  9 hobgoblins
  A quokka (D:3)
  15 bats
  5 frilled lizards
  6 kobolds
  10 rats
70 creatures vanquished.

Notes
Turn   | Place    | Note
-------+----------+-------------------------------------------
     0 | D:1      | Jerry the Ogre Berserker began the quest for the Orb.
     0 | D:1      | Reached XP level 1. HP: 24/24 MP: 1/1
   107 | D:1      | Reached XP level 2. HP: 30/32 MP: 2/2
   667 | D:1      | Reached XP level 3. HP: 31/39 MP: 3/3
   790 | D:1      | Reached skill level 5 in Maces & Flails
  1009 | D:2      | Reached ** piety under Trog
  1532 | D:2      | Reached XP level 4. HP: 49/49 MP: 4/4
  1827 | D:3      | Reached skill level 5 in Fighting
  1843 | D:3      | HP: 2/50 [orc/club (5)]
  1968 | D:3      | Reached XP level 5. HP: 50/57 MP: 5/5
  2006 | D:3      | Reached skill level 6 in Maces & Flails
  2024 | D:3      | Slain by an orc

Skill      XL: |  1  2  3  4  5 |
---------------+----------------+-----
Dodging        | 3 |  3.5
Maces & Flails | 5 6 |  6.3
Fighting       | 5 |  5.4

Action                   |  1- 3 |  4- 6 || total
-------------------------+-------+-------++-------
Melee: Mace              |   134 |    66 ||   200
Invok: Trog's Hand       |       |     3 ||     3
       Berserk           |       |     2 ||     2
  Eat: Chunk             |     2 |     3 ||     5
Armor: Animal skin       |    51 |    35 ||    86
Dodge: Dodged            |    92 |    73 ||   165
